 Dungeon Crawl Stone Soup version 0.21-a0-286-g6fcecc0 (webtiles) character file.

28 tidbits the Insei (level 2, 4/26 HPs)
             Began as a Draconian Monk on Sept 27, 2017.
             Quit the game on level 2 of the Dungeon.
             The game lasted 00:01:30 (209 turns).

tidbits the Insei (Draconian Monk)                   Turns: 209, Time: 00:01:31

Health: 4/26       AC:  5    Str: 13    XL:     2   Next: 96%
Magic:  2/2        EV: 13    Int: 10    God:
Gold:   22         SH:  0    Dex: 13    Spells: 1/1 levels left

rFire    . . .     SeeInvis .     - Unarmed
rCold    . . .     Gourm    .   (no shield)
rNeg     . . .     Faith    .   (armour unavailable)
rPois    .         Spirit   .   (helmet restricted)
rElec    .         Reflect  .   (no cloak)
rCorr    .         Harm     .   (no gloves)
MR       .....                  F - +0 pair of boots
Stlth    ++........             (no amulet)
HPRegen  0.08/turn              (no ring)
MPRegen  0.08/turn              (no ring)

@: lethally poisoned (4 -> 0), flying
A: unfitting armour, cold-blooded, AC +4
a: no special abilities


You were on level 2 of the Dungeon.
You were not hungry.

You visited 1 branch of the dungeon, and saw 2 of its levels.

You collected 22 gold pieces.

Inventory:

Missiles
 d - 18 arrows
 f - 8 stones (quivered)
Armour
 F - a +0 pair of boots (worn)
Scrolls
 c - a scroll of identify {unknown}
 e - a scroll of immolation {unknown}
Comestibles
 a - 2 bread rations


   Skills:
 - Level 3.2 Fighting
 - Level 2.6 Dodging
 - Level 1.7 Stealth
 + Level 4.2 Unarmed Combat


You had one spell level left.
You didn't know any spells.

Dungeon Overview and Level Annotations

Branches:
Dungeon (2/15)

Altars:


Innate Abilities, Weirdness & Mutations

Your plain brown scales are hard. (AC +4)
You cannot fit into any form of body armour.
You are cold-blooded and may be slowed by cold attacks.


Message History

You kill the rat!
You hit the giant cockroach.
The giant cockroach is severely wounded.
The giant cockroach bites you. The dart slug launches a dart at you.
The slug dart hits you!
You hit the dart slug.
The dart slug is heavily wounded.
The giant cockroach barely misses you. The dart slug launches a dart at you.
The slug dart hits you!
You hit the dart slug but do no damage.
The dart slug is heavily wounded.
The giant cockroach closely misses you.
The giant cockroach bites you but does no damage.
The dart slug bites you.
You hit the dart slug but do no damage.
The dart slug is heavily wounded.
The giant cockroach closely misses you.
You hit the dart slug.
The dart slug is severely wounded.
The giant cockroach bites you but does no damage.
The dart slug bites you.
You hit the dart slug.
You kill the dart slug!
The giant cockroach misses you.
You closely miss the giant cockroach. You tail-slap the giant cockroach.
You kill the giant cockroach!
You see here a rat corpse.
A goblin comes into view. It is wielding a club.
The goblin shouts!
You hear a shout!
You hear an angry hiss.
A goblin comes into view. It is wielding a dagger.
An adder comes into view.
A goblin comes into view.
You see here a rat corpse.
You hit the goblin but do no damage.
Your tail-slap misses the goblin.
The goblin closely misses you.
You closely miss the goblin. You hit the goblin.
You kill the goblin!
The adder closely misses you.
You hit the adder.
The adder is moderately wounded.
The adder barely misses you.
You hit the adder.
The adder is severely wounded.
The adder bites you but does no damage.
You miss the adder.
The adder is severely wounded.
The adder bites you.
You miss the adder.
The adder is severely wounded.
The adder bites you. x2
* * * LOW HITPOINT WARNING * * *
You are poisoned.
The adder poisons you!
A goblin comes into view. It is wielding a club.
The goblin shouts!
You hit the adder.
You tail-slap the adder, but do no damage.
The adder is almost dead.
You feel sick. The adder barely misses you.
You closely miss the adder.
Your tail-slap misses the adder.
The adder is almost dead.
The adder bites you.
* * * LOW HITPOINT WARNING * * *
You are lethally poisoned!
The adder poisons you!
You hit the adder.
You kill the adder!
Your Unarmed Combat skill increases to level 4!
* * * LOW HITPOINT WARNING * * *
You feel sick.
It was a potion of flight.
You feel very buoyant.
You fly up into the air.
The goblin closely misses you.
A bat comes into view.
* * * LOW HITPOINT WARNING * * *
You feel sick.
You hit the goblin.
You kill the goblin!
* * * LOW HITPOINT WARNING * * *
You feel sick.
* * * LOW HITPOINT WARNING * * *
You feel sick. The bat closely misses you. The bat closely misses you.
The bat barely misses you.
There is a stone staircase leading up here.
* * * LOW HITPOINT WARNING * * *
You feel sick. The bat hits you but does no damage.
Found a meat ration.
You closely miss the bat. The bat closely misses you. The bat misses you.
The bat closely misses you.
* * * LOW HITPOINT WARNING * * *
You feel sick. The bat hits you but does no damage.
Found a stone staircase leading up.
The bat barely misses you.
Found a stone staircase leading down.
You see here a meat ration.
Are you sure you want to abandon this character and quit the game? (Confirm with "yes".)

..........#
..........
......... .
#(....## #######..
#.#....# #.......#
#.#....####.......#
#......<.g.........
##†#...###.........
#.#...# #.@b......
#..†.g###.........
##..)...#.........
###..#..#........
##)##........<.
####)##.........>
#......#.........
#................
#...........


You could see a goblin and a bat.

Vanquished Creatures
  An adder (D:2)
  A dart slug (D:2)
  4 bats
  A giant cockroach (D:2)
  4 jackals (D:1)
  A quokka (D:2)
  2 goblins (D:2)
  2 kobolds (D:1)
  A rat (D:2)
17 creatures vanquished.

Notes
Turn   | Place    | Note
-------+----------+-------------------------------------------
     0 | D:1      | tidbits the Draconian Monk began the quest for the Orb.
     0 | D:1      | Reached XP level 1. HP: 19/19 MP: 1/1
   115 | D:1      | Reached XP level 2. HP: 21/26 MP: 2/2
   195 | D:2      | Reached skill level 4 in Unarmed Combat
   209 | D:2      | Quit the game

Vault maps used:
D:1:      minmay_arrival_hallway, minivault_5
D:2:      minmay_surrounded

Skill      XL: |  1  2 |
---------------+-------+-----
Unarmed Combat | 4 |  4.2
Fighting       | |  3.2
Dodging        | |  2.6
Stealth        | |  1.7

Action                   || total
-------------------------++-------
Melee: Unarmed           ||    52
       Tailslap          ||     6
Throw: Stone             ||     1
  Use: Potion            ||     1
 Stab: Sleeping          ||     1
Armor: Skin              ||    12
Dodge: Dodged            ||    43

Table legend:
 A = Spawn XP
 B = Non-spawn XP
 C = Spawn XP percentage of total XP
 D = Spawn monster count
 E = Non-spawn monster count
 F = Spawn count percentage of total count
 G = Total turns spent on level
                    A         B        C        D         E        F      G
               +---------+---------+-------+---------+---------+-------+---------
         Total |       0 |      40 |   0.0 |       0 |      17 |   0.0 |   209
               +---------+---------+-------+---------+---------+-------+---------
           D:1 |       0 |      15 |   0.0 |       0 |       9 |   0.0 |   143
           D:2 |       0 |      25 |   0.0 |       0 |       8 |   0.0 |    66
               +---------+---------+-------+---------+---------+-------+---------

Table legend:
 A = Turns spent in this place as a percentage of turns spent in the entire game.
 B = Non-inter-level travel turns spent in this place as a percentage of non-inter-level travel turns spent in the entire game.
 C = Inter-level travel turns spent in this place as a percentage of turns spent in this place.
 D = Turns resting spent in this place as a percentage of non-inter-level travel turns spent in this place.
 E = Turns spent auto-exploring this place as a percentage of non-inter-level travel turns spent in this place.
 F = Non-inter-level travel turns spent in this place divided by the number of levels of this place that you've seen.
                   A       B       C       D       E      F
               +-------+-------+-------+-------+-------+----------------------
         Total | 100.0 | 100.0 |   0.0 |   0.0 |   0.0 | 104.5
       Dungeon | 100.0 | 100.0 |   0.0 |   0.0 |   0.0 | 104.5
               +-------+-------+-------+-------+-------+----------------------

Table legend:
 A = Kills in this place as a percentage of kills in entire the game.
 B = Kills by you in this place as a percentage of kills by you in the entire game.
 C = Kills by friends in this place as a percentage of kills by friends in the entire game.
 D = Other kills in this place as a percentage of other kills in the entire game.
 E = Experience gained in this place as a percentage of experience gained in the entire game.
 F = Experience gained in this place divided by the number of levels of this place that you have seen.
                   A       B       C       D       E      F
               +-------+-------+-------+-------+-------+----------------------
         Total | 100.0 | 100.0 |   N/A |   N/A | 100.0 |  20.0
       Dungeon | 100.0 | 100.0 |   N/A |   N/A | 100.0 |  20.0
               +-------+-------+-------+-------+-------+----------------------

Vault maps used:
D:1:      minmay_arrival_hallway, minivault_5
D:2:      minmay_surrounded
